AoeStats
← DKing

Lombardia

509462124Analyzed
4v4 RM · 6d ago on Sep 26, 2026· 48m 28s· 8 players
Game mode
Random Map
Map size
Large (8 player)
Population
200
Speed
Normal
Resources
Standard
Victory
Conquest
Starting age
Dark Age
Ending age
Imperial Age
RankedLock teamsTeams togetherTeam positionsShared explorationLock speedFull tech treeHidden civsTurbo modeCheats
Victory
Defeat
🇭🇺 Magyars · Hungary
1237
+15
🇵🇹 Hindustanis · Portugal
1219
+15
🇹🇷 Goths · Türkiye
1197
+16
🇩🇪 Vietnamese · Germany
1179
+17
🇨🇴 Saxons · Colombia
1453
-25
🇨🇱 Japanese · Chile
1207
-16
🇵🇦 Franks · Panama
1113
-12
🇨🇱 Spanish · Chile
1056
-10
DKing
11:19 Feudal Age
12:39 Loom
16:03 Castle Age
14:37 Double-Bit Axe
15:17 Horse Collar
19:53 Wheelbarrow
21:14 Bow Saw
23:07 Town Watch
24:02 Heavy Plow
24:14 Forging
25:13 Hand Cart
26:35 Padded Archer Armor
28:16 Gold Mining
33:41 Imperial Age
31:45 Fortified Wall
31:28 Light Cavalry
32:19 Bloodlines
32:09 Husbandry
32:43 Scale Barding Armor
33:26 Leather Archer Armor
34:31 Chain Barding Armor
33:47 Hussar
35:33 Ring Archer Armor
34:25 Heavy Camel Rider
36:17 Conscription
36:59 Caravan
36:41 Siege Elephant
38:39 Two-Man Saw
41:40 Chemistry
40:36 Murder Holes
41:03 Ballistics
43:17 Fletching
44:02 Iron Casting
44:17 Shatagni
fastgg
6:25 Loom
9:17 Feudal Age
11:06 Double-Bit Axe
13:11 Fletching
20:02 Wheelbarrow
22:36 Castle Age
20:58 Gold Mining
21:03 Horse Collar
22:37 Padded Archer Armor
23:30 Bow Saw
22:43 Crossbowman
23:18 Bodkin Arrow
26:05 Ballistics
27:21 Thumb Ring
30:32 Hand Cart
35:34 Imperial Age
34:45 Arson
35:38 Arbalester
36:19 Bracer
37:20 Chemistry
37:45 Leather Archer Armor
39:43 Ring Archer Armor
44:04 Siege Engineers
47:52 Elite Skirmisher
49:07 Caravan
variousAttacks
3:38 Loom
11:15 Feudal Age
12:16 Town Watch
15:37 Castle Age
15:41 Double-Bit Axe
15:37 Horse Collar
19:49 Bow Saw
19:40 Heavy Plow
25:45 Wheelbarrow
26:05 Fletching
26:49 Hand Cart
26:57 Bodkin Arrow
28:36 Ballistics
33:17 Imperial Age
31:30 Scale Mail Armor
31:41 Forging
31:48 Town Patrol
32:15 Squires
31:36 Pikeman
33:03 Chain Mail Armor
32:54 Man-at-Arms
34:10 Iron Casting
33:51 Anarchy
33:29 Halberdier
33:30 Long Swordsman
35:16 Two-Man Saw
34:47 Crop Rotation
34:12 Two-Handed Swordsman
35:00 Stone Mining
35:01 Gold Mining
35:02 Champion
37:51 Blast Furnace
39:53 Conscription
45:54 Chemistry
44:56 Bracer
45:08 Masonry
44:55 Murder Holes
45:03 Perfusion
48:14 Stone Shaft Mining
[H] Sir Benedict
11:06 Feudal Age
15:18 Castle Age
14:02 Double-Bit Axe
13:58 Horse Collar
16:45 Bow Saw
20:52 Heavy Plow
21:45 Gold Mining
22:50 Fletching
23:08 Town Watch
23:09 Loom
25:04 Bodkin Arrow
26:50 Wheelbarrow
29:05 Town Patrol
32:47 Imperial Age
32:18 Scale Barding Armor
33:09 Bloodlines
33:56 Bracer
34:17 Chain Barding Armor
34:38 Husbandry
36:29 Padded Archer Armor
37:17 Elite Skirmisher
38:03 Thumb Ring
40:28 Ballistics
40:19 Masonry
41:12 Conscription
44:35 Plate Barding Armor
44:01 Scale Mail Armor
44:17 Leather Archer Armor
44:01 Murder Holes
45:49 Imperial Skirmisher
48:35 Chain Mail Armor
48:51 Ring Archer Armor
PVS-Ozuna
8:44 Loom
11:57 Feudal Age
16:41 Castle Age
18:11 Town Watch
19:31 Fletching
21:40 Bodkin Arrow
22:40 Padded Archer Armor
23:21 Elite Skirmisher
24:26 Husbandry
28:13 Gold Mining
30:58 Ballistics
31:22 Leather Archer Armor
33:27 Double-Bit Axe
42:09 Bow Saw
43:23 Wheelbarrow
43:28 Scale Barding Armor
43:34 Forging
47:55 Imperial Age
47:46 Iron Casting
47:41 Chain Barding Armor
[PVS] JUANJOM98
5:08 Loom
10:39 Feudal Age
11:07 Man-at-Arms
12:26 Arson
12:46 Scale Mail Armor
19:22 Castle Age
18:35 Wheelbarrow
17:54 Double-Bit Axe
17:50 Horse Collar
21:57 Bow Saw
24:23 Heavy Plow
26:44 Fletching
28:35 Stone Mining
30:32 Wheelbarrow
29:43 Town Watch
32:24 Gold Mining
35:25 Imperial Age
33:13 Squires
33:29 Chain Mail Armor
33:28 Forging
34:02 Gold Shaft Mining
35:57 Elite Varangian Guard
37:06 Conscription
37:57 Iron Casting
37:52 Plate Mail Armor
38:34 Capped Ram
41:40 Shield Wall
44:36 Bodkin Arrow
44:57 Scale Barding Armor
46:17 Bloodlines
46:08 Husbandry
45:28 Light Cavalry
47:00 Chain Barding Armor
47:26 Hand Cart
48:15 Bracer
47:37 Hussar
[PVS] ANIMAMUNDIS
4:52 Loom
10:58 Feudal Age
15:48 Castle Age
14:36 Stone Mining
17:57 Gold Mining
21:07 Horse Collar
24:26 Double-Bit Axe
26:35 Heavy Plow
28:22 Light Cavalry
29:17 Bloodlines
29:08 Husbandry
33:25 Wheelbarrow
32:35 Town Watch
32:56 Padded Archer Armor
35:18 Leather Archer Armor
38:53 Imperial Age
44:45 Elite Skirmisher
45:23 Fletching
46:03 Ring Archer Armor
PVS | Claud1us_
9:10 Loom
10:56 Feudal Age
12:32 Horse Collar
16:12 Castle Age
14:46 Double-Bit Axe
15:13 Fletching
16:07 Gold Mining
20:47 Wheelbarrow
20:46 Town Watch
21:33 Heavy Plow
24:30 Bow Saw
26:06 Stone Mining
28:34 Gold Shaft Mining
30:33 Town Patrol
33:33 Imperial Age
32:00 Hand Cart
32:17 Bodkin Arrow
32:23 Scale Mail Armor
32:34 Forging
32:27 Squires
32:13 Gambesons
34:07 Ballistics
33:38 Guard Tower
33:32 Pikeman
34:46 Yasama
35:21 Chain Mail Armor
35:41 Iron Casting
35:56 Bracer
35:55 Halberdier
38:21 Chemistry
39:28 Blast Furnace
39:06 Keep
40:03 Plate Mail Armor
38:56 Man-at-Arms
39:22 Arson
39:06 Onager
42:19 Two-Man Saw
42:13 Padded Archer Armor
43:10 Parthian Tactics
43:18 Bloodlines
43:08 Husbandry
43:26 Leather Archer Armor
43:36 Thumb Ring
42:52 Heavy Cavalry Archer
Connection lost

Rejoining the realm…

Still unreachable

The connection could not be restored.

Session expired

The server has moved on; the page needs a fresh start.